 Dungeon Crawl Stone Soup version 0.21.1-1-g345015f (webtiles) character file.

298 Monsterracer the Firebug (level 6, -1/36 HPs)
             Began as an Octopode Fire Elementalist on Mar 25, 2018.
             Slain by an orc
             ... wielding a +0 flail
              (7 damage)
             ... on level 3 of the Dungeon.
             The game lasted 00:03:52 (2617 turns).

Monsterracer the Firebug (OpFE)                     Turns: 2617, Time: 00:03:53

Health: -1/36      AC:  1    Str:  7    XL:     6   Next: 36%
Magic:  0/10       EV: 13    Int: 19    God:
Gold:   154        SH:  0    Dex: 13    Spells: 3/11 levels left

rFire    . . .     SeeInvis .   a - -1 falchion (curse)
rCold    . . .     Gourm    .   (no shield)
rNeg     . . .     Faith    .   (helmet restricted)
rPois    .         Spirit   .   (no amulet)
rElec    .         Reflect  .   (no ring)
rCorr    .         Harm     .   (no ring)
MR       .....                  (no ring)
Stlth    +++.......             (no ring)
HPRegen  0.12/turn              (no ring)
MPRegen  0.12/turn              (no ring)
                                (no ring)
                                (no ring)

@: no status effects
A: almost no armour, stealthy swim, amphibious, 8 rings, constrict 8, camouflage
1, gelatinous body 1
a: no special abilities


You were on level 3 of the Dungeon.
You were not hungry.

You visited 1 branch of the dungeon, and saw 3 of its levels.

You collected 154 gold pieces.

Inventory:

Hand Weapons
 a - a cursed -1 falchion (weapon)
 b - a +0 dagger
Wands
 l - a wand of disintegration (9)
Scrolls
 d - 2 scrolls of identify {unknown}
 f - a scroll of blinking {unknown}
 h - a scroll of enchant weapon {unknown}
 i - a scroll of teleportation {unknown}
 n - a scroll of remove curse {unknown}
Potions
 e - a potion of curing {unknown}
 g - 3 potions of flight {unknown}
 j - a potion of degeneration {unknown}
 k - a potion of agility {unknown}
Books
 m - a book of Flames

   Spells                             Type                      Level
   a - Flame Tongue                   Conjuration/Fire             1
   b - Throw Flame                    Conjuration/Fire             2
   c - Conjure Flame                  Conjuration/Fire             3
   d - Inner Flame                    Hexes/Fire                   3
   e - Sticky Flame                   Conjuration/Fire             4
   f - Fireball                       Conjuration/Fire             5
Comestibles
 c - 5 rations


   Skills:
 - Level 2.0 Dodging
 - Level 2.6 Stealth
 + Level 3.1 Spellcasting
 * Level 3.8 Conjurations
 * Level 5.0 Fire Magic


You had 3 spell levels left.
You knew the following spells:

 Your Spells              Type           Power        Failure   Level  Hunger
a - Flame Tongue          Conj/Fire      ###..        2%          1    None
b - Conjure Flame         Conj/Fire      ###.....     7%          3    ###....
c - Sticky Flame          Conj/Fire      ###.....     24%         4    ####...


Dungeon Overview and Level Annotations

Branches:
Dungeon (3/15)

Altars:
Xom


Innate Abilities, Weirdness & Mutations

You cannot wear most types of armour.
You are very stealthy in the water. (Stealth+)
You are amphibious.
You can wear up to eight rings at the same time.
You can use your tentacles to constrict eight enemies at once.
Your skin changes colour to match your surroundings (Stealth+).
Your rubbery body absorbs attacks. (AC +1, EV +1)


Message History

You are poisoned.
The adder poisons you! The adder bites you but does no damage.
You take 4 damage, and have 32/36 hp.
You now have 5/10 mp.
Casting: Flame Tongue
Confirm with . or Enter, or press ? or * to list all spells.
Aiming: Flame Tongue
Press: ? - help, Shift-Dir - straight line, f/p - adder
Aim: an adder (moderately wounded, constricted by you)
The flame tongue hits the adder.
You kill the adder!
You feel sick. The orc hits you with a mace.
You take 7 damage, and have 25/36 hp.
Casting: Flame Tongue
Confirm with . or Enter, or press ? or * to list all spells.
Aiming: Flame Tongue
Press: ? - help, Shift-Dir - straight line, f - orc
Aim: an orc, wielding a mace and wearing a chain mail The flame tongue hits the orc.
You kill the orc!
You now have 4/10 mp.
Casting: Flame Tongue
Confirm with . or Enter, or press ? or * to list all spells.
Aiming: Flame Tongue
Press: ? - help, Shift-Dir - straight line, f - orc wizard
Aim: an orc wizard, wielding a dagger and wearing a robe The flame tongue hits the orc wizard.
The orc wizard is moderately wounded.
You feel sick.
You take 1 damage, and have 24/36 hp.
You now have 3/10 mp.
Casting: Flame Tongue
Confirm with . or Enter, or press ? or * to list all spells.
Aiming: Flame Tongue
Press: ? - help, Shift-Dir - straight line, f/p - orc wizard
Aim: an orc wizard, wielding a dagger and wearing a robe (moderately wounded)
The flame tongue misses the orc wizard.
You now have 2/10 mp.
Unknown command.
Casting: Flame Tongue
Confirm with . or Enter, or press ? or * to list all spells.
Aiming: Flame Tongue
Press: ? - help, Shift-Dir - straight line, f/p - orc wizard
Aim: an orc wizard, wielding a dagger and wearing a robe (moderately wounded)
The flame tongue hits the orc wizard.
The orc wizard is moderately wounded.
You feel sick. The orc wizard casts a spell at you. The magic dart hits you!
* * * LOW HITPOINT WARNING * * *
The orc closely misses you.
You riposte.
You barely miss the orc. Your grab misses the orc. You squeeze the orc.
The orc is lightly wounded.
You take 7 damage, and have 18/36 hp.
You now have 1/10 mp.
Casting: Flame Tongue
Confirm with . or Enter, or press ? or * to list all spells.
Aiming: Flame Tongue
Press: ? - help, Shift-Dir - straight line, f/p - orc wizard
Aim: an orc wizard, wielding a dagger and wearing a robe (moderately wounded)
The flame tongue hits the orc wizard.
You kill the orc wizard!
Your Fire Magic skill increases to level 5!
You now have 0/10 mp.
Unknown command.
You hit the orc but do no damage. Your grab misses the orc.
The orc is lightly wounded.
You feel sick. The orc hits you with a flail!
* * * LOW HITPOINT WARNING * * *
You take 12 damage, and have 6/36 hp.
MASSIVE DAMAGE!!
The orc closely misses you.
Unknown command.
Casting: Flame Tongue
Confirm with . or Enter, or press ? or * to list all spells.
Aiming: Flame Tongue
Press: ? - help, Shift-Dir - straight line, f - orc
Aim: an orc, wielding a flail and wearing a chain mail The flame tongue hits the orc.
The orc appears unharmed.
You feel sick. The orc barely misses you.
You now have 0/10 mp.
You feel sick.
You take 1 damage, and have 5/36 hp.
Casting: Flame Tongue
Confirm with . or Enter, or press ? or * to list all spells.
Aiming: Flame Tongue
Press: ? - help, Shift-Dir - straight line, f/p - orc
Aim: an orc, wielding a flail and wearing a chain mail The flame tongue misses the orc.
You feel sick.
You are no longer poisoned.
The orc barely misses you.
You riposte.
You hit the orc but do no damage. You grab the orc. You squeeze the orc.
The orc is heavily wounded.
You now have 0/10 mp.
You release your grip on the orc.
Casting: Flame Tongue
Confirm with . or Enter, or press ? or * to list all spells.
Aiming: Flame Tongue
Press: ? - help, Shift-Dir - straight line, f/p - orc
Aim: an orc, wielding a flail and wearing a chain mail (moderately wounded)
The flame tongue hits the orc.
The orc appears unharmed.
The orc is moderately wounded.
The orc hits you with a flail!
You die...

.......#..#####.........#
#.).####...##...........#
..###.........(........<#
.## #.##.#.###..........#
##### #..[.##..........#
)...# ###.........###..#
###...# #.....#..## ##.#
.###...##..#.######.#
#...#.#....@o......#
#.###...####.####..# #
##..##.....##..#
##.#.......#..#
##..#.......#..#
........_......#
....#.......#.##
....#.......#.# ...
##.....##.#


You could see an orc.

Vanquished Creatures
  3 jellies (D:2)
  3 orc wizards (D:3)
  4 adders
  8 oozes (D:2)
  A dart slug (D:1)
  2 leopard geckos
  4 orcs (D:3)
  2 giant cockroaches
  6 goblins
  3 hobgoblins
  6 jackals (D:2)
  A quokka (D:3)
  5 bats (D:2)
  6 frilled lizards
  10 kobolds (D:2)
  4 rats
68 creatures vanquished.

Vanquished Creatures (others)
  3 fungi (D:2)
  6 toadstools (D:2)
9 creatures vanquished.

Grand Total: 77 creatures vanquished

Notes
Turn   | Place    | Note
-------+----------+-------------------------------------------
     0 | D:1      | Monsterracer the Octopode Fire Elementalist began the quest for the Orb.
     0 | D:1      | Reached XP level 1. HP: 11/11 MP: 3/3
   187 | D:1      | Reached XP level 2. HP: 17/17 MP: 0/5
   653 | D:2      | Reached XP level 3. HP: 21/21 MP: 4/6
   679 | D:2      | HP: 10/21 [poisoned by an adder]
  1155 | D:2      | HP: 10/21 [kobold/whip (3)]
  1163 | D:2      | HP: 6/21 [kobold (3)]
  1485 | D:2      | Reached XP level 4. HP: 27/27 MP: 4/7
  1487 | D:2      | Reached skill level 4 in Fire Magic
  1506 | D:2      | Reached XP level 5. HP: 31/31 MP: 0/9
  1521 | D:2      | HP: 12/31 [acid (9)]
  1548 | D:2      | Learned a level 4 spell: Sticky Flame
  1737 | D:2      | Learned a level 3 spell: Conjure Flame
  1911 | D:2      | HP: 15/31 [ooze (3)]
  2420 | D:3      | Reached XP level 6. HP: 30/36 MP: 6/10
  2560 | D:3      | Found a shimmering altar of Xom.
  2593 | D:3      | HP: 18/36 [orc wizard/magic dart (6)]
  2595 | D:3      | Reached skill level 5 in Fire Magic
  2596 | D:3      | HP: 6/36 [orc/flail (11)]
  2604 | D:3      | HP: 5/36 [poisoned by an adder]
  2617 | D:3      | Slain by an orc

Skill      XL: |  1  2  3  4  5  6 |
---------------+-------------------+-----
Conjurations   | 2 3 |  3.8
Fire Magic     | 4 5 |  5.0
Spellcasting   | 3 |  3.1
Dodging        | |  2.0
Stealth        | |  2.6

Action                   |  1- 3 |  4- 6 || total
-------------------------+-------+-------++-------
Melee: Unarmed           |     6 |       ||     6
       Constrict         |     8 |     7 ||    15
       Dagger            |    32 |    24 ||    56
       Tentacles         |     5 |     5 ||    10
       Falchion          |       |     2 ||     2
 Cast: Flame Tongue      |    51 |    59 ||   110
  Use: Potion            |     1 |       ||     1
 Stab: Sleeping          |       |     1 ||     1
  Eat: Chunk             |     1 |     1 ||     2
       Ration            |       |     1 ||     1
Armor: Skin              |    10 |     2 ||    12
Dodge: Dodged            |    68 |    34 ||   102
       Rpst.: Falchion   |       |     2 ||     2

Vault maps used:
D:1:      minmay_arrival_up_and_down
D:2:      cheibrodos_fertilizer, first_ration
D:3:      old_standard_altar, lemuel_doored_altar, uniq_terence
